 Dungeon Crawl Stone Soup version 0.30.0-5-g1a98f26d00 (webtiles) character file.

Game seed: 12435729813584526003

410 howech the Twirler (level 6, -1/53 HPs)
             Began as a Minotaur Gladiator on May 13, 2023.
             Slain by a gnoll
             ... wielding a +0 whip
              (6 damage)
             ... on level 3 of the Dungeon.
             The game lasted 00:06:56 (2171 turns).

howech the Twirler (Minotaur Gladiator)             Turns: 2171, Time: 00:06:56

Health: -1/53      AC:  5    Str: 18    XL:     6   Next: 58%
Magic:  5/5        EV: 13    Int:  7    God:
Gold:   90         SH:  0    Dex: 12    Spells: 5/5 levels left

rFire   . . .        a - +0 quarterstaff
rCold   . . .        (shield currently unavailable)
rNeg    . . .        b - +0 leather armour
rPois   .            c - +0 hat
rElec   .            (no cloak)
rCorr   .            l - +0 pair of gloves
SInv    .            i - +0 pair of boots
Will    .....        (no amulet)
Stlth   +            (no ring)
HPRegen 0.28/turn    (no ring)
MPRegen 0.09/turn

%: no passive effects
@: slowed, very slow
A: horns 2, retaliatory headbutt
a: no special abilities


You were on level 3 of the Dungeon.
You visited 1 branch of the dungeon, and saw 3 of its levels.

You collected 90 gold pieces.

Inventory:

Hand Weapons
 a - a +0 quarterstaff (weapon)
Missiles
 d - 2 throwing nets (quivered)
 e - a javelin
Armour
 b - a +0 leather armour (worn)
 c - a +0 hat (worn)
 i - a +0 pair of boots (worn)
 l - a +0 pair of gloves (worn)
Scrolls
 f - a scroll of teleportation {unknown}
 h - a scroll of amnesia {unknown}
 j - a scroll of poison {unknown}
 m - a scroll of butterflies {unknown}
 p - a scroll of brand weapon {unknown}
Potions
 k - a potion of magic
 n - 2 potions of haste {unknown}
 o - a potion of flight {unknown}
 q - a potion of invisibility {unknown}


   Skills:
 + Level 4.7 Fighting
 + Level 5.4 Staves
 + Level 3.9 Throwing
 + Level 5.0 Dodging


You had 5 spell levels left.
You didn't know any spells.
Your spell library contained the following spells:

 Spells                   Type           Power      Damage    Failure   Level
 Scorch                   Fire           0%         2d5       63%         2
 Flame Wave               Conj/Fire      0%         2d4       99%         4
 Summon Cactus Giant      Summ           0%         N/A       100%        6


Dungeon Overview and Level Annotations

Branches:
Dungeon (3/15)

Altars:


Innate Abilities, Weirdness & Mutations

You have a pair of horns on your head.
You reflexively headbutt those who attack you in melee.


Message History

The magic dart hits you!
* * * LOW HITPOINT WARNING * * *
The cerulean imp hits you from afar with a +0 spear.
* * * LOW HITPOINT WARNING * * *
You feel better. Natasha casts a spell at you.
You feel yourself slow down. The cerulean imp closely misses you.
The cerulean imp hits you from afar with a +0 spear.
* * * LOW HITPOINT WARNING * * *
You barely miss Natasha.
Natasha is moderately wounded.
Natasha claws you but does no damage. The cerulean imp barely misses you. x2
Natasha misses you. You furiously retaliate!
You headbutt Natasha.
The cerulean imp hits you from afar with a +1 spear.
* * * LOW HITPOINT WARNING * * *
The cerulean imp hits you but does no damage.
You closely miss Natasha.
Natasha is heavily wounded.
The cerulean imp disappears in a puff of smoke!
Natasha stares at you and mumbles some strange words.
You feel as though you will be slow longer.
The cerulean imp barely misses you.
Unknown command.
You thump Natasha!
You kill Natasha!
Natasha yowls pathetically as she dies!
The cerulean imp disappears in a puff of smoke!
The gnoll hits you with a +0 whip.
* * * LOW HITPOINT WARNING * * *
Your Dodging skill increases to level 5!
You hit the gnoll.
The gnoll is lightly wounded.
The gnoll hits you with a +0 whip.
* * * LOW HITPOINT WARNING * * *
Unknown command.
You hit the gnoll but do no damage.
The gnoll is lightly wounded.
The gnoll completely misses you. You furiously retaliate!
You headbutt the gnoll. The gnoll hits you with a +0 whip.
You die...

#.# #.. #.# #.# #.# ########
###.######.# #......#
........##.# #......# .# ##.#
#.##.# #......# ... ###.$#
#@##.#####......+ ....
....###g##'#...#......#
.....##..#.#...............#
.........#.........).......+
#.......................##
#.....o.................'.
#.......................#.
.............[.#..........#.
.........#......#....#######.


You could see a gnoll.

Vanquished Creatures
  Grinder (D:3)
  Ijyb (D:3)
  Natasha (twice) (D:3)
  7 gnolls
  3 adders (D:3)
  2 worms (D:2)
  A dart slug (D:3)
  An orc (D:3)
  7 bats
  4 endoplasms
  A giant cockroach (D:1)
  8 hobgoblins
  4 jackals (D:1)
  A quokka (D:1)
  10 ball pythons
  3 frilled lizards
  4 goblins
  5 kobolds
  2 rats (D:2)
67 creatures vanquished.

Notes
Turn   | Place    | Note
-------+----------+-------------------------------------------
     0 | D:1      | howech the Minotaur Gladiator began the quest for the Orb.
     0 | D:1      | Reached XP level 1. HP: 18/18 MP: 0/0
    50 | D:1      | Reached XP level 2. HP: 6/25 MP: 1/1
   290 | D:1      | Reached XP level 3. HP: 28/31 MP: 2/2
  1039 | D:1      | Reached XP level 4. HP: 13/38 MP: 3/3
  1850 | D:3      | Noticed Ijyb
  1869 | D:3      | Killed Ijyb
  1986 | D:3      | Reached XP level 5. HP: 46/46 MP: 4/4
  1993 | D:3      | Noticed Grinder
  2011 | D:3      | Paralysed by Grinder for 4 turns
  2018 | D:3      | Paralysed by Grinder for 2 turns
  2021 | D:3      | Killed Grinder
  2022 | D:3      | Reached skill level 5 in Staves
  2022 | D:3      | Reached XP level 6. HP: 50/53 MP: 5/5
  2056 | D:3      | Noticed Natasha
  2062 | D:3      | Killed Natasha
  2134 | D:3      | Noticed Natasha
  2169 | D:3      | Killed Natasha
  2170 | D:3      | Reached skill level 5 in Dodging
  2171 | D:3      | Slain by a gnoll

Illustrated notes

Levels and vault maps discovered:
D:1:      eino_arrival_druids_welcome, layout_rooms, dreamdust_princess_bridge,
          minmay_close_crescents
D:2:      layout_loops_cross, serial_forest, infiniplex_forest_clump_curved,
          infiniplex_forest_zigzag_1, infiniplex_forest_end_2,
          infiniplex_forest_clump_large, infiniplex_forest_lined_room_,
          infiniplex_forest_clump_large, infiniplex_forest_side_room,
          ebering_dispersal_statue_hall
D:3:      layout_basic, dreamdust_ecumenical_altar_angels_and_demons,
          uniq_natasha, uniq_ijyb, uniq_grinder

Skill      XL: |  1  2  3  4  5  6 |
---------------+-------------------+-----
Staves         | 4 5 |  5.4
Fighting       | 3 4 |  4.7
Dodging        | 4 5 |  5.0
Throwing       | 3 |  3.9

Action                     |  1- 3 |  4- 6 || total
---------------------------+-------+-------++-------
  Melee: Quarterstaff      |    78 |    81 ||   159
         Headbutt          |     6 |    12 ||    18
  Throw: Throwing net      |       |     3 ||     3
         Javelin           |       |     1 ||     1
    Use: Scroll            |     4 |     2 ||     6
         Potion            |       |     1 ||     1
 Armour: Leather armour    |    18 |    24 ||    42
  Dodge: Dodged            |    57 |    69 ||   126
